 Dungeon Crawl Stone Soup version 0.28.0 (webtiles) character file.

Game seed: 11309680670937164122

91 mortz the Gusty (level 4, -3/34 HPs)
             Began as a Draconian Air Elementalist on Feb 12, 2022.
             Killed by divine providence
             ... invoked by an orc priest
              (9 damage)
             ... on level 2 of the Dungeon on Feb 13, 2022.
             The game lasted 00:17:47 (1760 turns).

mortz the Gusty (Draconian Air Elementalist)        Turns: 1760, Time: 00:17:48

Health: -3/34      AC:  7    Str: 11    XL:     4   Next: 33%
Magic:  2/8        EV: 12    Int: 23    God:
Gold:   53         SH:  0    Dex: 11    Spells: 5/8 levels left

rFire   . . .      SeeInvis .   d - +1 club
rCold   . . .      Faith    .   (no shield)
rNeg    . . .      Spirit   .   (armour unavailable)
rPois   .          Reflect  .   (helmet restricted)
rElec   .          Harm     .   (no cloak)
rCorr   .          Rampage  .   r - +0 pair of gloves
Will    .....                   f - +0 pair of boots
Stlth   ++........              (no amulet)
HPRegen 0.11/turn               k - +6 ring of intelligence
MPRegen 0.11/turn               (no ring)

@: no status effects
A: AC +5, unfitting armour, cold-blooded
a: no special abilities


You were on level 2 of the Dungeon.
You visited 1 branch of the dungeon, and saw 2 of its levels.

You collected 53 gold pieces.

Inventory:

Hand Weapons
 d - a +1 club (weapon)
 e - a +0 club
 h - a +0 whip
 i - a +0 dagger
 j - a +0 dagger
 o - a +0 dagger
 q - a +0 club
 t - a +0 club
Missiles
 c - 65 stones (quivered)
 w - 19 bolts
Armour
 f - a +0 pair of boots (worn)
 l - a +0 chain mail
 r - a +0 pair of gloves (worn)
 u - a +0 scale mail
Jewellery
 k - a +6 ring of intelligence (left hand)
Scrolls
 n - a scroll of enchant armour {unknown}
 p - 3 scrolls of identify {unknown}
Potions
 a - 2 potions of curing {unknown}
 b - a potion of might {unknown}
 g - 2 potions of lignification {unknown}
 m - a potion of ambrosia {unknown}
 s - a potion of cancellation {unknown}
 v - a potion of mutation {unknown}


   Skills:
 + Level 0.3 Fighting
 + Level 0.5 Maces & Flails
 + Level 2.1 Dodging
 + Level 2.2 Stealth
 + Level 2.7 Spellcasting
 + Level 1.6 Conjurations
 + Level 3.8 Air Magic


You had 5 spell levels left.
You knew the following spells:

 Your Spells              Type           Power      Damage    Failure   Level
a - Shock                 Conj/Air       60%        1d6       3%          1
b - Static Discharge      Conj/Air       15%        N/A       6%          2

Your spell library contained the following spells:

 Spells                   Type           Power      Damage    Failure   Level
 Swiftness                Air            20%        N/A       8%          3
 Airstrike                Air            10%        N/A       24%         4


Dungeon Overview and Level Annotations

Branches:
Dungeon (2/15)

Altars:


Innate Abilities, Weirdness & Mutations

Your plain brown scales are hard. (AC +5)
You cannot fit into any form of body armour.
You are cold-blooded and may be slowed by cold attacks.


Message History

Press: ? - help, Shift-Dir - straight line The zap hits the orc.
You kill the orc!
The zap hits the orc priest.
The orc priest is heavily wounded.
The zap hits the orc priest.
The orc priest is almost dead.
Casting: Shock (safe; 4% risk of failure)
Confirm with . or Enter, or press ? or * to list all spells.
Aiming: Shock (safe; 4% risk of failure)
Press: ? - help, Shift-Dir - straight line, f - orc priest
Aim: an orc priest, wielding a +0 falchion (almost dead, 71% to hit)
The zap hits the orc.
You kill the orc!
The zap hits the orc.
The orc is moderately wounded.
The zap hits the orc priest.
You kill the orc priest!
You have reached level 4!
You feel stronger.
The orc priest calls upon Beogh to heal the orc.
The orc's wounds heal themselves!
The orc hits you with a +0 flail.
Casting: Shock (safe; 3% risk of failure)
Confirm with . or Enter, or press ? or * to list all spells.
Aiming: Shock (safe; 3% risk of failure)
Press: ? - help, Shift-Dir - straight line, f - orc priest
Aim: an orc priest, wielding a +0 whip and wearing a +0 ring mail (heavily wounded, 75% to hit)
The zap misses the orc.
The zap hits the orc priest.
The orc priest is heavily wounded.
You hit the orc.
Your tail-slap misses the orc.
The orc is heavily wounded.
The orc priest invokes the aid of Beogh against you.
Beogh smites you!
* * * LOW HITPOINT WARNING * * *
The orc completely misses you. The orc hits you but does no damage.
The orc priest invokes the aid of Beogh against you.
Beogh smites you!
You die...

############# ##.....#.....##
##.............##
#...............#
#############...............#
...........##.o.@.>.........#
.....####...o...............#
..........###...............#
.......#### ##.............##
......## ##.....#.....####
.....## ############...#
......# #...# ......#
####.### ......## ##....#


You could see an orc priest and an orc.

Vanquished Creatures
  An orc priest (D:2)
  An adder (D:2)
  2 dart slugs
  2 orcs (D:2)
  7 endoplasms
  2 giant cockroaches
  4 goblins (D:1)
  4 hobgoblins
  4 jackals (D:1)
  2 kobolds
  2 quokkas (D:1)
  4 ball pythons
  4 bats (D:1)
  2 frilled lizards (D:1)
  A rat (D:2)
42 creatures vanquished.

Notes
Turn   | Place    | Note
-------+----------+-------------------------------------------
     0 | D:1      | mortz the Draconian Air Elementalist began the quest for
                  | the Orb.
     0 | D:1      | Reached XP level 1. HP: 14/14 MP: 3/3
   355 | D:1      | Reached XP level 2. HP: 20/20 MP: 5/5
   785 | D:1      | Reached XP level 3. HP: 26/26 MP: 3/6
  1574 | D:2      | Learned a level 2 spell: Static Discharge
  1740 | D:2      | Reached XP level 4. HP: 21/34 MP: 1/8
  1760 | D:2      | Killed from afar by an orc priest

Illustrated notes

Levels and vault maps discovered:
D:1:      onia_arrival_mini_maze_b, layout_loops_ring
D:2:      layout_rooms, minmay_misc_feat_hallway, minmay_misc_feat_chi

Skill      XL: |  1  2  3 |
---------------+----------+-----
Dodging        | 2 |  2.1
Stealth        | 2 |  2.2
Fighting       | |  0.3
Maces & Flails | |  0.5
Spellcasting   | |  2.7
Conjurations   | |  1.6
Air Magic      | |  3.8

Action                   |  1- 3 |  4- 6 || total
-------------------------+-------+-------++-------
Melee: Club              |    43 |     1 ||    44
       Unarmed           |     5 |       ||     5
       Tailslap          |     7 |       ||     7
 Cast: Shock             |    60 |     1 ||    61
  Use: Scroll            |     1 |       ||     1
Armor: Skin              |    19 |     1 ||    20
Dodge: Dodged            |    49 |     1 ||    50
